 Dungeon Crawl Stone Soup version 0.27.0-1-g7a089689b8 (webtiles) character file.

Game seed: 6583915372209145413

2699 Armakuni the Jinx (level 9, -3/62 HPs)
             Began as a Vampire Hedge Wizard on Aug 14, 2021.
             Was a Believer of Vehumet.
             Killed from afar by Harold (11 damage)
             ... with a harpoon shot
             ... on level 7 of the Dungeon.
             The game lasted 00:27:45 (8463 turns).

Armakuni the Jinx (Vampire Hedge Wizard)            Turns: 8463, Time: 00:27:45

Health: -3/62      AC:  5    Str: 12    XL:     9   Next: 38%
Magic:  7/13       EV: 12    Int: 16    God:    Vehumet [**....]
Gold:   322        SH:  8    Dex: 14    Spells: 3/14 levels left

rFire    . . .     SeeInvis +   d - +3 dagger (vamp)
rCold    + . .     Faith    .   n - +3 warlock's mirror {reflect}
rNeg     . . .     Spirit   .   i - +0 leather armour
rPois    .         Reflect  +   r - +0 helmet
rElec    .         Harm     .   (no cloak)
rCorr    .         Rampage  .   o - +0 pair of gloves
Will     .....                  (no boots)
Stlth    ++........             (no amulet)
HPRegen  0.40/turn              J - ring of protection from cold
MPRegen  0.13/turn              (no ring)

@: about to teleport, healing quickly
A: alive, fangs 3, see invisible, vampiric 2
a: Exsanguinate, Renounce Religion


You were on level 7 of the Dungeon.
You worshipped Vehumet.
Vehumet was pleased with you.
You visited 2 branches of the dungeon, and saw 8 of its levels.
You also visited: Sewer.

You collected 322 gold pieces.

Inventory:

Hand Weapons
 a - a +0 dagger of venom
 d - a +3 vampiric dagger (weapon)
Missiles
 j - 31 poisoned darts
Armour
 e - +0 pearl dragon scales
 i - a +0 leather armour (worn)
 m - a +0 ring mail
 n - the +3 warlock's mirror (worn) {reflect}
   (You acquired it on level 4 of the Dungeon)

   It can block and reflect piercing ranged attacks and magical attacks against
   the wielder's willpower.
 o - a +0 pair of gloves (worn)
 r - a +0 helmet (worn)
Magical Staves
 b - a staff of conjuration
Jewellery
 J - a ring of protection from cold (left hand)
Scrolls
 c - a scroll of teleportation
 p - 3 scrolls of enchant armour
 q - a scroll of fog
Potions
 f - 3 potions of flight
 g - 2 potions of mutation
 k - 2 potions of brilliance
 l - 3 potions of curing
 s - a potion of haste {unknown}
 t - 2 potions of cancellation {unknown}
 u - a potion of ambrosia {unknown}


   Skills:
 - Level 2.3 Fighting
 + Level 6.1 Short Blades
 - Level 3.0 Staves
 - Level 2.1 Dodging
 - Level 3.0 Stealth
 - Level 4.0 Shields
 - Level 3.0 Spellcasting
 - Level 1.6 Conjurations
 - Level 10.0 Hexes
 - Level 1.0 Summonings
 - Level 0.7 Translocations
 - Level 5.0 Evocations


You had 3 spell levels left.
You knew the following spells:

 Your Spells              Type           Power      Damage    Failure   Level
a - Magic Dart            Conj           28%        1d4       12%         1
b - Blink                 Tloc           N/A        N/A       26%         2
m - Mephitic Cloud        Conj/Pois/Air  4%         N/A       50%         3
s - Slow                  Hex            34%        N/A       1%          2
t - Confusing Touch       Hex            34%        N/A       1%          3

Your spell library contained the following spells:

 Spells                   Type           Power      Damage    Failure   Level
 Static Discharge         Conj/Air       5%         N/A       26%         2
 Call Imp                 Summ           5%         N/A       24%         2
 Conjure Flame            Conj/Fire      5%         6-21      45%         3
 Vampiric Draining        Necr           1%         2d6       56%         3
 Manifold Assault         Tloc           4%         N/A       99%         5
 Storm Form               Tmut/Air       1%         N/A       100%        7


Dungeon Overview and Level Annotations

Branches:
Dungeon (7/15)             Temple (1/1) D:4           Sewer (visited)

Altars:
Ashenzari
Cheibriados
Dithmenos
Elyvilon
Fedhas
Gozag
Hepliaklqana
Kikubaaqudgha
Makhleb
Nemelex Xobeh
Okawaru
Qazlal
Sif Muna
Trog
Uskayaw
Vehumet
Wu Jian
Xom
Yredelemnul
Zin
The Shining One

Annotations:
D:3 3 runed translucent doors, Domino's ghost, weakling MiBe
D:7 Harold


Innate Abilities, Weirdness & Mutations

Your natural rate of healing is accelerated.
You have razor-sharp teeth.
You have supernaturally acute eyesight. (SInv)
You are afflicted with vampirism and can become a bat while bloodless.


Message History

Your hands begin to glow red.
You hit Harold but do no damage.
Harold is heavily wounded.
You block the howler monkey's attack.
You catch the helpless Harold completely off-guard!
You hit Harold but do no damage.
Harold is heavily wounded.
The howler monkey hits you.
You hit Harold but do no damage.
Harold is heavily wounded.
Harold hits you with a +0 scimitar!! The howler monkey hits you.
* * * LOW HITPOINT WARNING * * *
You hit Harold but do no damage. You bite Harold, but do no damage.
Harold is heavily wounded.
Harold seems less confused.
You hit Harold but do no damage.
Harold is heavily wounded.
You block the howler monkey's attack. Harold hits you with a +0 scimitar!
* * * LOW HITPOINT WARNING * * *
You feel much better.
The howler monkey hoots and howls with incredible vigour!
Harold hits you with a +0 scimitar!!
* * * LOW HITPOINT WARNING * * *
You hear a shout! x11
You feel much better.
The howler monkey hits you but does no damage.
The howler monkey barely misses you. Harold fires a harpoon shot at you.
The harpoon shot hits you!!
You are yanked forward by the harpoon shot.
As you read the scroll of teleportation, it crumbles to dust.
You feel strangely unstable.
The howler monkey hits you but does no damage.
Harold hits you with a +0 scimitar!
* * * LOW HITPOINT WARNING * * *
Your hands stop glowing.
The howler monkey hoots and howls with incredible vigour!
Harold fires a harpoon shot at you. The harpoon shot hits you!
You die...

#..........................
#.........##...............
##...######..<....).....$#
# ##.# ##....#.....Z..## .#
## #....###........# ..@
#.....##..<......###....
.....§.....h......#......
.##.§.....#.#@.........##
.....§##.@.......).....#
...#§§§..."...........[..
§§§§......#...........
..§§§§....##....#.....
§.§§≈§..........##....
.≈§§§§≈.(.##..........
..≈≈§≈....#...[... ...
#................. ..
##........##


You could see Harold (slow), a howler monkey (catching breath) and a centaur
zombie (wandering).

Vanquished Creatures
  Prince Ribbit (D:5)
  Menkaure (D:6)
  A hornet zombie (D:7)
  2 black bears
  A necrophage (D:7)
  3 ogres
  3 centaurs
  A wyvern zombie (D:6)
  2 bullfrogs (Sewer)
  Blork the orc (D:4)
  7 scorpions
  3 howler monkeys
  2 wights (D:6)
  A centaur zombie (D:7)
  A hound (D:5)
  4 jellies
  2 bullfrog zombies
  2 gnoll shamans
  An orc priest (D:6)
  3 bullfrog skeletons
  An orc wizard (D:6)
  A hound skeleton (D:4)
  A mummy (D:6)
  A howler monkey skeleton (D:6)
  8 gnolls
  3 adders
  A river rat (D:6)
  A shadow imp (D:6)
  5 orcs
  11 ball pythons
  6 bats
  2 endoplasms
  8 giant cockroaches
  8 goblins
  6 hobgoblins
  9 jackals
  11 kobolds
  5 quokkas
  11 frilled lizards
  9 rats
150 creatures vanquished.

Vanquished Creatures (others)
  A withered plant (D:7)
1 creature vanquished.

Grand Total: 151 creatures vanquished

Notes
Turn   | Place    | Note
-------+----------+-------------------------------------------
     0 | D:1      | Armakuni the Vampire Hedge Wizard began the quest for the
                  | Orb.
     0 | D:1      | Reached XP level 1. HP: 13/13 MP: 4/4
   341 | D:1      | Reached skill level 1 in Short Blades
   342 | D:1      | Reached skill level 1 in Fighting
   342 | D:1      | Reached XP level 2. HP: 8/21 MP: 6/6
   986 | D:1      | Gained mutation: You are afflicted with vampirism and can
                  | become a bat while bloodless. [Vampire growth]
   986 | D:1      | Reached XP level 3. HP: 17/26 MP: 7/7
  1179 | D:2      | Reached skill level 1 in Conjurations
  1232 | D:2      | Learned a level 2 spell: Blink
  1236 | D:2      | Learned a level 3 spell: Mephitic Cloud
  1239 | D:2      | Learned a level 2 spell: Slow
  2230 | D:3      | Noticed Domino's ghost (weakling MiBe)
  2259 | D:3      | Found a runed translucent gate.
  2259 | D:3      | Found a runed translucent gate.
  2259 | D:3      | Found a runed translucent gate.
  2310 | D:3      | Reached skill level 1 in Staves
  2418 | D:3      | Reached XP level 4. HP: 33/33 MP: 8/8
  3077 | D:4      | Noticed a black bear
  3083 | D:4      | Killed a black bear
  3084 | D:4      | Reached skill level 1 in Evocations
  3084 | D:4      | Reached XP level 5. HP: 39/39 MP: 7/9
  3097 | D:4      | Identified a scroll of acquirement
  3097 | D:4      | Acquired the +3 warlock's mirror {reflect}
  3098 | D:4      | Found the +3 warlock's mirror {reflect}
  3122 | D:4      | Found a staircase to the Ecumenical Temple.
  3131 | Temple   | Entered the Ecumenical Temple
  3202 | Temple   | Became a worshipper of Vehumet
  3381 | D:4      | Noticed Blork the orc
  3383 | D:4      | Killed Blork the orc
  3384 | D:4      | Reached skill level 1 in Shields
  3385 | D:4      | Noticed an ogre
  3388 | D:4      | Killed an ogre
  3389 | D:4      | Reached XP level 6. HP: 45/45 MP: 10/10
  3890 | D:5      | Entered Level 5 of the Dungeon
  3929 | D:5      | Reached XP level 7. HP: 51/51 MP: 11/11
  4345 | D:5      | Reached skill level 5 in Evocations
  4623 | D:5      | Learned a level 3 spell: Confusing Touch
  5254 | D:4      | Reached XP level 8. HP: 30/57 MP: 10/12
  5403 | D:5      | Noticed Prince Ribbit
  5422 | D:5      | Reached skill level 1 in Hexes
  5432 | D:5      | Reached skill level 2 in Hexes
  5453 | D:5      | Killed Prince Ribbit
  5454 | D:5      | Reached skill level 3 in Hexes
  5493 | D:5      | Reached * piety under Vehumet
  5493 | D:5      | Offered knowledge of Foxfire by Vehumet.
  5494 | D:5      | Reached skill level 4 in Hexes
  6325 | D:6      | Reached skill level 5 in Hexes
  6435 | D:6      | Found a glowing drain.
  6445 | Sewer    | Entered a sewer
  6621 | Sewer    | Offered knowledge of Static Discharge by Vehumet.
  6708 | Sewer    | Reached ** piety under Vehumet
  6719 | Sewer    | Reached skill level 5 in Short Blades
  6719 | Sewer    | Reached skill level 6 in Hexes
  6864 | D:6      | Noticed Menkaure
  6885 | D:6      | Reached skill level 7 in Hexes
  7055 | D:6      | Reached XP level 9. HP: 26/62 MP: 11/13
  7228 | D:6      | Reached skill level 8 in Hexes
  7250 | D:6      | Killed Menkaure
  7551 | D:6      | Reached skill level 9 in Hexes
  8137 | D:6      | Reached skill level 10 in Hexes
  8418 | D:7      | Noticed Harold
  8463 | D:7      | Killed from afar by Harold

Illustrated notes

Levels and vault maps discovered:
D:1:      lightli_arrival_flooded_house, layout_loops_corners,
          minmay_close_crescents
D:2:      layout_loops_ring
D:3:      layout_loops_corners, gammafunk_ghost_icy
D:4:      layout_loops_ring, lemuel_temple_firewalk_a, uniq_blork_the_orc
D:5:      minmay_general_purpose_star, layout_basic, uniq_prince_ribbit1
D:6:      layout_layer_cave, portal_sewer_entry_e, uniq_menkaure
D:7:      layout_cave_pools, serial_undead, serial_undead_c, serial_undead_c,
          serial_undead_f, serial_undead_e, uniq_harold, uniq_duvessa
Temple:   nicolae_temple_the_god_donut

Skill      XL: |  1  2  3  4  5  6  7  8  9 |
---------------+----------------------------+-----
Short Blades   | 1 5 6 |  6.1
Fighting       | 1 2 |  2.3
Conjurations   | 1 |  1.6
Staves         | 1 2 3 |  3.0
Evocations     | 1 2 5 |  5.0
Shields        | 3 4 |  4.0
Hexes          | 7 10 | 10.0
Dodging        | |  2.1
Stealth        | |  3.0
Spellcasting   | |  3.0
Summonings     | |  1.0
Translocations | |  0.7

Action                   |  1- 3 |  4- 6 |  7- 9 || total
-------------------------+-------+-------+-------++-------
Melee: Hand axe          |    74 |       |       ||    74
       Dagger            |    20 |    68 |   422 ||   510
       Bite              |     1 |     6 |    44 ||    51
       Staff             |       |       |    39 ||    39
Throw: Dart              |       |       |    24 ||    24
 Cast: Magic Dart        |    37 |     1 |    38 ||    76
       Slow              |       |       |    48 ||    48
       Confusing Touch   |       |       |    14 ||    14
Evoke: Wand              |       |    19 |    17 ||    36
  Use: Scroll            |     5 |     2 |    10 ||    17
       Potion            |     1 |       |     4 ||     5
 Stab: Sleeping          |     5 |     1 |     1 ||     7
       Paralysed         |       |       |     2 ||     2
       Confused          |       |       |    17 ||    17
Armor: Robe              |    32 |     8 |     5 ||    45
       Leather armour    |       |       |    61 ||    61
       Skin              |       |       |    11 ||    11
Dodge: Dodged            |    63 |    31 |   186 ||   280
Block: Buckler           |       |     9 |   147 ||   156
       Reflection        |       |     1 |     7 ||     8
